 Dungeon Crawl Stone Soup version 0.21-a0-260-g9b2435e (webtiles) character file.

2780 tidbits the Grave Robber (level 9, -3/75 HPs)
             Began as a Black Draconian Necromancer on Sept 7, 2017.
             Was a Believer of Uskayaw.
             Killed themself with a bounced orb of electricity (11 damage)
             ... on level 7 of the Dungeon.
             The game lasted 00:49:18 (3104 turns).

tidbits the Grave Robber (DrNe)                     Turns: 3104, Time: 00:49:19

Health: -3/75      AC: 10    Str: 11    XL:     9   Next: 43%
Magic:  0/14       EV: 21    Int: 17    God:    Uskayaw [**....]
Gold:   157        SH:  0    Dex: 18    Spells: 1/15 levels left

rFire    . . .     SeeInvis .     - Unarmed
rCold    . . .     Gourm    .   (no shield)
rNeg     . . .     Faith    .   (armour unavailable)
rPois    +         Spirit   .   (helmet restricted)
rElec    +         Reflect  .   (no cloak)
rCorr    .         Harm     .   G - +2 pair of gloves
MR       .....                  (no boots)
Stlth    +++.......             (no amulet)
HPRegen  0.22/turn              W - ring of wizardry
MPRegen  0.14/turn              P - ring of poison resistance

@: agile, very slightly contaminated, hasted, very quick
A: breathe lightning, unfitting armour, electricity resistance, cold-blooded, AC
+7
a: Breathe Lightning, Stomp, Line Pass, Renounce Religion


You were on level 7 of the Dungeon.
You worshipped Uskayaw.
Uskayaw was noncommittal.
You were not hungry.

You visited 2 branches of the dungeon, and saw 10 of its levels.

You collected 299 gold pieces.
You spent 142 gold pieces at shops.

Inventory:

Hand Weapons
 h - a +0 blowgun
 s - a +0 shortbow
Missiles
 k - 14 bolts
 p - 128 arrows
 C - 49 stones (quivered)
 F - 2 tomahawks
Armour
 G - a +2 pair of gloves (worn)
Jewellery
 P - a ring of poison resistance (right hand)
   (You found it on level 5 of the Dungeon)
 W - a ring of wizardry (left hand)
   (You found it on level 2 of the Dungeon)
Wands
 c - a wand of confusion (0/48)
 d - a wand of digging (8/24)
 i - a wand of polymorph (13/24)
 D - a wand of iceblast (0/15)
 E - a wand of polymorph (0/24)
Scrolls
 e - a scroll of amnesia {unknown}
 j - a scroll of fear {unknown}
 o - 2 scrolls of enchant armour
 q - a scroll of blinking {unknown}
 r - 2 scrolls of remove curse
 t - 3 scrolls of teleportation
 y - a scroll of fog
 A - a scroll of magic mapping
 B - a scroll of immolation
Potions
 x - a potion of flight
Books
 a - a book of Battle
   (You found it on level 8 of the Dungeon)

   Spells                             Type                      Level
   a - Infusion                       Charms                       1
   b - Shroud of Golubria             Charms/Translocation         2
   c - Song of Slaying                Charms                       2
   d - Spectral Weapon                Hexes/Charms                 3
   e - Regeneration                   Charms/Necromancy            3
 g - a book of Necromancy

   Spells                             Type                      Level
   a - Pain                           Necromancy                   1
   b - Animate Skeleton               Necromancy                   1
   c - Vampiric Draining              Necromancy                   3
   d - Regeneration                   Charms/Necromancy            3
   e - Animate Dead                   Necromancy                   4
   f - Control Undead                 Necromancy                   4
Comestibles
 b - 4 bread rations
 f - a royal jelly
 l - 6 chunks of flesh
 m - 2 meat rations
 w - a fruit


   Skills:
 - Level 5.8 Fighting
 - Level 5.4 Dodging
 - Level 1.7 Stealth
 + Level 6.8 Unarmed Combat
 - Level 3.9 Spellcasting
 + Level 2.2 Charms
 - Level 7.2 Necromancy


You had one spell level left.
You knew the following spells:

 Your Spells              Type           Power        Failure   Level  Hunger
n - Animate Skeleton      Necr           N/A          1%          1    None
r - Regeneration          Chrm/Necr      ###.......   2%          3    ###....
u - Control Undead        Necr           ####......   3%          4    ####...
v - Vampiric Draining     Necr           ####......   1%          3    ###....
y - Song of Slaying       Chrm           ##......     4%          2    ##.....
z - Pain                  Necr           ####         1%          1    None


Dungeon Overview and Level Annotations

Branches:
Dungeon (9/15)             Temple (1/1) D:5
   Lair: D:8-11         Orc: D:9-12

Altars:
Fedhas
Nemelex Xobeh
Uskayaw
Vehumet
Yredelemnul

Shops:
D:6 ?

Annotations:
D:3 Terence
D:6 Gagarin's ghost, novice HOFi


Innate Abilities, Weirdness & Mutations

You can breathe wild blasts of lightning.
Your glossy black scales are hard. (AC +7)
You cannot fit into any form of body armour.
You are resistant to electric shocks. (rElec)
You are cold-blooded and may be slowed by cold attacks.


Message History

The troll is severely wounded.
This wand has 0 charges left.
You hear a shout!
You can now pass through a line of other dancers.
An orc and a zombie come into view.
Okay, then.
Okay, then.
Okay, then.
Casting: Vampiric Draining
Confirm with . or Enter, or press ? or * to list all spells.
Aiming: Pain
Press: ? - help, Shift-Dir - straight line, f/p - troll
Aim: a troll (severely wounded, chance to defeat MR: 84%)
The troll writhes in agony!
Casting: Pain
Confirm with . or Enter, or press ? or * to list all spells.
Aiming: Pain
Press: ? - help, Shift-Dir - straight line, f/p - troll
Aim: a troll (severely wounded, chance to defeat MR: 84%)
The troll writhes in agony!
The troll completely misses you. The troll misses you. The troll claws you.
* * * LOW HITPOINT WARNING * * *
Okay, then.
The adder zombie misses you.
The adder zombie bites you but does no damage.
The troll misses you. The troll closely misses you.
The troll claws you but does no damage. The adder zombie misses you.
An orc comes into view. It is wielding a hand axe.
The adder zombie misses you. The adder zombie closely misses you.
Found a stone staircase leading down.
There is an escape hatch in the ceiling here.
You closely miss the troll.
The troll is heavily wounded.
The troll barely misses you. The troll completely misses you. x2
You can no longer pass through a line of other dancers.
Okay, then.
Throwing (i - inventory. (,) - cycle):
C - 49 stones (quivered)
Press: ? - help, Shift-Dir - straight line, f/p - troll
Aim: a troll (heavily wounded)
Okay, then.
Fire/throw which item? (* to show all) (? for menu, Esc to quit)
Really fire
n - a throwing net {!f}? [Y]es or [N]o only, please.
Really fire
n - a throwing net {!f}?
Fire/throw which item? (* to show all) (? for menu, Esc to quit)
Press: ? - help, Shift-Dir - straight line, p - troll You throw a tomahawk.
The troll barely misses you. The troll completely misses you.
The troll misses you.
Fire/throw which item? (* to show all) (? for menu, Esc to quit)
Really fire
n - a throwing net {!f}?
Press: ? - help, Shift-Dir - straight line, f/p - troll
Aim: a troll (heavily wounded)
You throw a throwing net {!f}.
The throwing net {!f} closely misses the troll.
The orc shouts!
The troll closely misses you. The troll misses you.
The troll closely misses you.
Okay, then.
You feel yourself speed up. The troll completely misses you.
The troll barely misses you. The troll claws you but does no damage.
Found a green potion.
Casting: Pain
Confirm with . or Enter, or press ? or * to list all spells.
Aiming: Pain
Press: ? - help, Shift-Dir - straight line, f/p - troll
Aim: a troll (heavily wounded, chance to defeat MR: 84%)
The troll writhes in agony!
You punch the troll!
The troll is almost dead.
The troll closely misses you. The troll misses you. x2
You can now pass through a line of other dancers.
You hit the troll.
The troll is almost dead.
Casting: Pain
Confirm with . or Enter, or press ? or * to list all spells.
Aiming: Pain
Press: ? - help, Shift-Dir - straight line, f/p - troll
Aim: a troll (almost dead, chance to defeat MR: 84%)
The troll writhes in agony!
You kill the troll!
Your Charms skill increases to level 2!
An orc wizard comes into view. It is wielding an enchanted dagger.
You closely miss the adder zombie.
The adder zombie bites you but does no damage.
The orc zaps a wand.
The bolt of lightning hits the adder zombie.
The adder zombie is destroyed!
The bolt of lightning misses you. The bolt of lightning hits you! You resist.
* * * LOW HITPOINT WARNING * * *
It is a wand of lightning (?/15).
Unknown command.
You breathe a wild blast of lightning!
You hear a mighty clap of thunder!
The orb of electricity explodes!
The orb of electricity engulfs you! You resist.
* * * LOW HITPOINT WARNING * * *
The orb of electricity explodes!
The orb of electricity engulfs you! You resist.
You die...

......#### #.#.
#.......# #.#.
#.##$##.## #..
#...>.# ##.
####.o## #.
####...## ##
.......#..######
###
######...ooo<..#
#.. ###..####@#
#.# #..#
#!....... #..
..$.. .........
....##
###..####.....>..
.## #o.#
#.##..... ....
..# .#... .. .###
### #... #. ..
... ##


You could see an orc wizard (wandering) and 2 orcs.

Vanquished Creatures
  2 trolls
  Prince Ribbit (D:6)
  Sigmund (D:3)
  Menkaure (D:5)
  Duvessa (D:6)
  A water moccasin (D:5)
  A sky beast (D:8)
  An ice beast (D:6)
  2 ogres
  2 centaurs
  A bullfrog (D:5)
  Dowan (D:5)
  A scorpion (D:4)
  2 crimson imps (D:6)
  A bullfrog skeleton (D:4)
  Ijyb (D:3)
  2 worker ants
  6 adders
  2 shadow imps (D:5)
  An adder skeleton (D:7)
  A worm (D:4)
  A dart slug (D:2)
  4 leopard geckos
  An orc (D:5)
  8 ball pythons
  9 bats
  12 giant cockroaches
  7 goblins
  4 hobgoblins
  9 jackals
  3 quokkas
  4 frilled lizards
  5 kobolds
  4 rats
  A plant (D:2)
104 creatures vanquished.

Vanquished Creatures (collateral kills)
  Pikel (D:7)
  Psyche (D:8)
  Grinder (D:3)
  A yak (D:8)
  A hound (D:4)
  2 adders
  A leopard gecko (D:3)
  A ball python (D:2)
  A jackal (D:4)
  A quokka (D:2)
  2 bats (D:2)
  A frilled lizard (D:3)
  A kobold (D:2)
  2 rats
17 creatures vanquished.

Vanquished Creatures (others)
  3 slaves (D:8)
  An adder zombie (D:7)
  2 jackals (D:8)
6 creatures vanquished.

Grand Total: 127 creatures vanquished

Notes
Turn   | Place    | Note
-------+----------+-------------------------------------------
     0 | D:1      | tidbits the Draconian Necromancer began the quest for the Orb.
     0 | D:1      | Reached XP level 1. HP: 14/14 MP: 3/3
   215 | D:1      | Reached XP level 2. HP: 13/20 MP: 1/5
   218 | D:1      | Learned a level 1 spell: Animate Skeleton
   585 | D:2      | Reached XP level 3. HP: 13/26 MP: 3/6
   590 | D:2      | Learned a level 3 spell: Vampiric Draining
   763 | D:2      | Reached skill level 5 in Necromancy
   925 | D:2      | Reached XP level 4. HP: 11/33 MP: 1/7
  1227 | D:3      | Noticed Sigmund
  1239 | D:3      | Killed Sigmund
  1239 | D:3      | Reached skill level 3 in Spellcasting
  1239 | D:3      | Reached skill level 6 in Necromancy
  1239 | D:3      | Reached XP level 5. HP: 32/38 MP: 2/10
  1259 | D:2      | Reached XP level 6. HP: 35/45 MP: 3/11
  1326 | D:3      | Learned a level 3 spell: Regeneration
  1365 | D:3      | Noticed Grinder
  1376 | D:3      | Paralysed by Grinder for 4 turns
  1383 | D:3      | Killed Grinder
  1383 | D:3      | Reached skill level 7 in Necromancy
  1419 | D:3      | Noticed Ijyb
  1431 | D:3      | Killed Ijyb
  1444 | D:3      | Learned a level 4 spell: Control Undead
  1498 | D:3      | Found a basalt altar of Yredelemnul.
  1674 | D:5      | Entered Level 5 of the Dungeon
  1707 | D:5      | Reached skill level 1 in Fighting
  1707 | D:5      | Reached skill level 2 in Dodging
  1733 | D:5      | Reached skill level 2 in Fighting
  1733 | D:5      | Your scales start taking on a glossy black colour.
  1733 | D:5      | Reached XP level 7. HP: 32/55 MP: 1/12
  1733 | D:5      | Gained mutation: You are resistant to electric shocks. (rElec) [Black Draconian growth]
  1821 | D:5      | Reached skill level 3 in Dodging
  1865 | D:6      | Noticed a troll
  1882 | D:5      | Killed a troll
  1882 | D:5      | Reached skill level 3 in Fighting
  1915 | D:3      | Noticed Terence
  1988 | D:4      | Reached skill level 4 in Fighting
  1988 | D:4      | Reached skill level 4 in Dodging
  2042 | D:4      | Reached XP level 8. HP: 57/66 MP: 4/13
  2157 | D:5      | Found a staircase to the Ecumenical Temple.
  2165 | Temple   | Entered the Ecumenical Temple
  2177 | Temple   | Became a worshipper of Uskayaw the Reveler
  2270 | D:5      | Reached * piety under Uskayaw
  2277 | D:5      | Reached ** piety under Uskayaw
  2352 | D:5      | Noticed Menkaure
  2371 | D:5      | Killed Menkaure
  2408 | D:6      | Found Irghogg's Magic Scroll Emporium.
  2419 | D:6      | Bought a scroll of fog for 26 gold pieces
  2419 | D:6      | Bought a scroll of magic mapping for 45 gold pieces
  2419 | D:6      | Bought a scroll of immolation for 45 gold pieces
  2419 | D:6      | Bought a scroll of identify for 26 gold pieces
  2439 | D:6      | Reached skill level 5 in Fighting
  2494 | D:6      | Found a blossoming altar of Fedhas.
  2547 | D:6      | Reached skill level 5 in Dodging
  2548 | D:6      | Noticed Prince Ribbit
  2574 | D:6      | Reached *** piety under Uskayaw
  2577 | D:6      | Killed Prince Ribbit
  2610 | D:6      | Noticed Gagarin's ghost (novice HOFi)
  2619 | D:6      | Noticed Duvessa
  2620 | D:6      | Noticed Dowan
  2659 | D:6      | Reached skill level 1 in Unarmed Combat
  2669 | D:6      | Killed Duvessa
  2669 | D:6      | Reached skill level 2 in Unarmed Combat
  2693 | D:5      | Killed Dowan
  2693 | D:5      | Reached skill level 3 in Unarmed Combat
  2852 | D:8      | Noticed Pikel
  2880 | D:7      | Killed Pikel
  2880 | D:7      | Reached skill level 5 in Unarmed Combat
  2880 | D:7      | Reached XP level 9. HP: 62/75 MP: 1/14
  2987 | D:8      | Reached skill level 6 in Unarmed Combat
  3020 | D:8      | Learned a level 2 spell: Song of Slaying
  3031 | D:8      | Noticed Psyche
  3042 | D:8      | Killed Psyche
  3042 | D:8      | Reached skill level 1 in Charms
  3058 | D:7      | Noticed a troll
  3102 | D:7      | Killed a troll
  3102 | D:7      | Reached skill level 2 in Charms
  3104 | D:7      | Killed themself with a bounced orb of electricity

Vault maps used:
D:1:      dpeg_arrival_another_circle
D:2:      minmay_roachtagon, minmay_shallow_snake_nest
D:3:      nicolae_overflow_crystal_walls, uniq_crazy_yiuf_cottage, uniq_sigmund,
          uniq_grinder, uniq_terence, uniq_natasha, uniq_ijyb
D:4:      minmay_opposing_rooms, first_bread
D:5:      gammafunk_temple_overflow_forgotten, minmay_temple_entry_glassed_door,
          uniq_edmund, uniq_menkaure
D:6:      cheibrodos_fzero, old_standard_altar, serial_shops,
          nicolae_shop_crystal, nicolae_shop_waterfront, shop,
          hangedman_abyss_or_decor_passed, fedhas_altar_2, uniq_prince_ribbit1,
          uniq_duvessa, uniq_blork_the_orc
D:7:      kennysheep_mini_moat, serial_shops, shop
D:8:      grunt_ogre_cave, uniq_pikel, uniq_erica, uniq_psyche
D:9:      orc_0_dummy
Temple:   nicolae_temple_elliptical

Skill      XL: |  1  2  3  4  5  6  7  8  9 |
---------------+----------------------------+-----
Necromancy     | 5 6 7 |  7.2
Spellcasting   | 3 |  3.9
Fighting       | 2 4 5 |  5.8
Dodging        | 2 4 5 |  5.4
Unarmed Combat | 5 6 |  6.8
Charms         | 2 |  2.2
Stealth        | |  1.7

Action                   |  1- 3 |  4- 6 |  7- 9 || total
-------------------------+-------+-------+-------++-------
Melee: Unarmed           |    18 |       |    32 ||    50
       Tailslap          |     7 |    19 |    25 ||    51
       Short sword       |    86 |   133 |   187 ||   406
       Punch             |       |     2 |     3 ||     5
Throw: Stone             |     3 |       |       ||     3
       Throwing net      |       |       |     1 ||     1
       Tomahawk          |       |       |     1 ||     1
 Cast: Pain              |    32 |     4 |    23 ||    59
       Animate Skeleton  |     6 |    10 |    14 ||    30
       Vampiric Draining |     7 |    11 |    26 ||    44
       Regeneration      |       |     2 |     5 ||     7
       Control Undead    |       |       |     1 ||     1
 Abil: Breathe Lightning |       |       |     2 ||     2
Evoke: Wand              |       |       |    20 ||    20
  Use: Potion            |       |     3 |     4 ||     7
       Scroll            |       |     4 |     4 ||     8
 Stab: Sleeping          |       |     1 |     2 ||     3
       Confused          |       |       |     3 ||     3
       Distracted        |       |       |     1 ||     1
       Paralysed         |       |       |     1 ||     1
  Eat: Chunk             |     1 |     5 |     8 ||    14
Armor: Skin              |    50 |    62 |    80 ||   192
Dodge: Dodged            |   101 |   111 |   199 ||   411

Table legend:
 A = Spawn XP
 B = Non-spawn XP
 C = Spawn XP percentage of total XP
 D = Spawn monster count
 E = Non-spawn monster count
 F = Spawn count percentage of total count
 G = Total turns spent on level
                    A         B        C        D         E        F      G
               +---------+---------+-------+---------+---------+-------+---------
         Total |       0 |    3972 |   0.0 |       0 |     120 |   0.0 |  3104
               +---------+---------+-------+---------+---------+-------+---------
           D:1 |       0 |      29 |   0.0 |       0 |      18 |   0.0 |   528
           D:2 |       0 |     108 |   0.0 |       0 |      39 |   0.0 |   640
           D:3 |       0 |     539 |   0.0 |       0 |      17 |   0.0 |   404
           D:4 |       0 |     167 |   0.0 |       0 |      13 |   0.0 |   390
           D:5 |       0 |     978 |   0.0 |       0 |      14 |   0.0 |   430
           D:6 |       0 |     657 |   0.0 |       0 |       7 |   0.0 |   376
           D:7 |       0 |     884 |   0.0 |       0 |       5 |   0.0 |   125
           D:8 |       0 |     610 |   0.0 |       0 |       7 |   0.0 |   183
               +---------+---------+-------+---------+---------+-------+---------

Table legend:
 A = Turns spent in this place as a percentage of turns spent in the entire game.
 B = Non-inter-level travel turns spent in this place as a percentage of non-inter-level travel turns spent in the entire game.
 C = Inter-level travel turns spent in this place as a percentage of turns spent in this place.
 D = Turns resting spent in this place as a percentage of non-inter-level travel turns spent in this place.
 E = Turns spent auto-exploring this place as a percentage of non-inter-level travel turns spent in this place.
 F = Non-inter-level travel turns spent in this place divided by the number of levels of this place that you've seen.
                   A       B       C       D       E      F
               +-------+-------+-------+-------+-------+----------------------
         Total | 100.0 | 100.0 |   3.4 |   0.0 |   0.0 | 299.7
       Dungeon |  99.2 |  99.2 |   3.5 |   0.0 |   0.0 | 330.2
        Temple |   0.8 |   0.8 |   0.0 |   0.0 |   0.0 |  25.0
               +-------+-------+-------+-------+-------+----------------------

Table legend:
 A = Kills in this place as a percentage of kills in entire the game.
 B = Kills by you in this place as a percentage of kills by you in the entire game.
 C = Kills by friends in this place as a percentage of kills by friends in the entire game.
 D = Other kills in this place as a percentage of other kills in the entire game.
 E = Experience gained in this place as a percentage of experience gained in the entire game.
 F = Experience gained in this place divided by the number of levels of this place that you have seen.
                   A       B       C       D       E      F
               +-------+-------+-------+-------+-------+----------------------
         Total | 100.0 | 100.0 | 100.0 |   N/A | 100.0 | 397.2
       Dungeon | 100.0 | 100.0 | 100.0 |   N/A | 100.0 | 441.3
               +-------+-------+-------+-------+-------+----------------------

Vault maps used:
D:1:      dpeg_arrival_another_circle
D:2:      minmay_roachtagon, minmay_shallow_snake_nest
D:3:      nicolae_overflow_crystal_walls, uniq_crazy_yiuf_cottage, uniq_sigmund,
          uniq_grinder, uniq_terence, uniq_natasha, uniq_ijyb
D:4:      minmay_opposing_rooms, first_bread
D:5:      gammafunk_temple_overflow_forgotten, minmay_temple_entry_glassed_door,
          uniq_edmund, uniq_menkaure
D:6:      cheibrodos_fzero, old_standard_altar, serial_shops,
          nicolae_shop_crystal, nicolae_shop_waterfront, shop,
          hangedman_abyss_or_decor_passed, fedhas_altar_2, uniq_prince_ribbit1,
          uniq_duvessa, uniq_blork_the_orc
D:7:      kennysheep_mini_moat, serial_shops, shop
D:8:      grunt_ogre_cave, uniq_pikel, uniq_erica, uniq_psyche
D:9:      orc_0_dummy
Temple:   nicolae_temple_elliptical
